 Dungeon Crawl Stone Soup version 0.26.0-15-gc6cd9f700b (webtiles) character file.

Game seed: 15619894463599250578

143 xSliceyx the Skirmisher (level 5, 0/34 HPs)
             Began as a Gargoyle Fighter on Jan 16, 2021.
             Slain by Grinder (1 damage)
             ... on level 3 of the Dungeon.
             The game lasted 00:05:52 (3564 turns).

xSliceyx the Skirmisher (Gargoyle Fighter)          Turns: 3564, Time: 00:05:52

Health: 0/34       AC: 12    Str: 17 (19) XL:     5   Next: 25%
Magic:  5/5        EV:  7    Int:  8 (9)  God:
Gold:   60         SH:  9    Dex: 10      Spells: 4/4 levels left

rFire    . . .     SeeInvis .   g - +2 flail (drain)
rCold    . . .     Faith    .   c - +0 kite shield
rNeg     + . .     Spirit   .   b - +0 scale mail
rPois    ∞         Reflect  .   (no helmet)
rElec    +         Harm     .   (no cloak)
rCorr    .         Rampage  .   (no gloves)
Will     .....                  p - +0 pair of boots
Stlth    ..........             (no amulet)
HPRegen  0.11/turn              (no ring)
MPRegen  0.09/turn              (no ring)

@: no status effects
A: negative energy resistance 1, electricity resistance, unbreathing,
petrification resistance, miasma immunity, AC +4
a: no special abilities


You were on level 3 of the Dungeon.
You visited 1 branch of the dungeon, and saw 3 of its levels.

You collected 60 gold pieces.

Inventory:

Hand Weapons
 a - a +0 long sword
 g - a +2 flail of draining (weapon)
Missiles
 n - 4 boomerangs
 r - 2 atropa-tipped darts (quivered)
Armour
 b - a +0 scale mail (worn)
 c - a +0 kite shield (worn)
 p - a +0 pair of boots (worn)
Scrolls
 e - 2 scrolls of teleportation {unknown}
 h - 3 scrolls of identify {unknown}
 i - 3 scrolls of remove curse {unknown}
 j - a scroll of enchant armour {unknown}
 l - a scroll of noise {unknown}
Potions
 d - 4 potions of might
 f - a potion of flight {unknown}
 k - a potion of ambrosia {unknown}
 m - a potion of mutation {unknown}
 o - a potion of invisibility {unknown}
 q - 2 potions of degeneration


   Skills:
 + Level 4.5 Fighting
 - Level 1.7 Long Blades
 + Level 4.5 Armour
 + Level 4.4 Shields


You had 4 spell levels left.
You didn't know any spells.
Your spell library was empty.

Dungeon Overview and Level Annotations

Branches:
Dungeon (3/15)

Altars:
Vehumet

Annotations:
D:3 Grinder


Innate Abilities, Weirdness & Mutations

You are resistant to torment.
Your stone body is resilient. (AC +4)
You are immune to poison.
You resist negative energy. (rN+)
You are resistant to electric shocks. (rElec)
You can survive without breathing.
You are immune to petrification.
You are immune to miasma.


Message History

You resist with significant effort. You block the adder's attack.
Grinder blinks!
The adder bites you but does no damage.
Throw: 3 darts (atropa)
Press: ? - help, Q - select action, (/) - cycle Shift-Dir - straight line, f/p - Grinder
Aim: Grinder (fast, chance to blind on hit: 3%)
You throw an atropa-tipped dart.
The atropa-tipped dart closely misses Grinder.
The adder bites you but does no damage.
You barely miss Grinder. You block the adder's attack.
Grinder says, "There's only one good use for a tongue: cutting it out."
Grinder gestures at you. Pain shoots through your body!
The adder bites you but does no damage. Grinder hits you.
* * * LOW HITPOINT WARNING * * *
You writhe in agony.
* * * LOW HITPOINT WARNING * * *
Grinder barely misses you. You block the adder's attack. Grinder hits you.
* * * LOW HITPOINT WARNING * * *
You writhe in agony.
You die...

######## ######
.......# #....#
.......+ #....#
.......#########....##
#..........#....(.#
#..........'......+
#..........#S5....#
...!...#########@...##
.......+ #...(#
.......# #...[#
########
#######)'##############
≈≈≈≈≈.....≈≈≈≈≈≈≈≈≈≈≈≈≈
≈≈≈≈≈≈....≈≈≈≈≈≈≈≈≈≈≈≈≈
≈≈≈≈≈.....≈≈≈≈≈≈≈≈≈≈≈≈≈
≈≈≈≈≈.....≈≈≈.≈≈≈≈.≈≈≈.
........(.†............


You could see Grinder (fast) and an adder.

Vanquished Creatures
  5 gnolls (D:2)
  2 adders (D:2)
  4 worms (D:2)
  A dart slug (D:1)
  A leopard gecko (D:1)
  2 ball pythons
  4 bats
  3 giant cockroaches
  13 goblins
  5 hobgoblins
  6 jackals
  3 quokkas (D:2)
  4 frilled lizards
  2 kobolds (D:2)
  4 rats
59 creatures vanquished.

Vanquished Creatures (others)
  A hobgoblin (D:2)
  A quokka (D:2)
  48 plants (D:2)
50 creatures vanquished.

Grand Total: 109 creatures vanquished

Notes
Turn   | Place    | Note
-------+----------+-------------------------------------------
     0 | D:1      | xSliceyx the Gargoyle Fighter began the quest for the Orb.
     0 | D:1      | Reached XP level 1. HP: 14/14 MP: 1/1
   105 | D:1      | Reached XP level 2. HP: 19/19 MP: 2/2
  1265 | D:2      | Reached XP level 3. HP: 15/24 MP: 3/3
  1858 | D:2      | Reached XP level 4. HP: 27/29 MP: 4/4
  1878 | D:2      | Found a radiant altar of Vehumet.
  2307 | D:2      | HP: 1/29 [gnoll/+2 flail of draining (4)]
  2953 | D:2      | Reached XP level 5. HP: 34/34 MP: 5/5
  3539 | D:3      | Noticed Grinder
  3552 | D:3      | Paralysed by Grinder for 7 turns
  3564 | D:3      | HP: 1/34 [Grinder (6)]
  3564 | D:3      | Slain by Grinder

Illustrated notes

Levels and vault maps discovered:
D:1:      wander_arrival_peaceful_grave, layout_basic, minmay_misc_feat_chi
D:2:      wad_woods_tower, layout_basic, fiery_altar_vehumet
D:3:      minmay_goblin_kobold_castle, layout_loops_ring, uniq_grinder,
          uniq_natasha

Skill      XL: |  1  2  3 |
---------------+----------+-----
Fighting       | 4 |  4.5
Armour         | 4 |  4.5
Shields        | 4 |  4.4
Long Blades    | |  1.7

Action                   |  1- 3 |  4- 6 || total
-------------------------+-------+-------++-------
Melee: Long sword        |   105 |    33 ||   138
       Flail             |       |    86 ||    86
Throw: Dart              |       |     2 ||     2
  Use: Potion            |       |     2 ||     2
Armor: Scale mail        |    71 |    77 ||   148
Dodge: Dodged            |    29 |    37 ||    66
Block: Kite shield       |    73 |    60 ||   133
       Rpst.: Long sword |    13 |     2 ||    15
